 Dungeon Crawl Stone Soup version 0.17.2-1-ge4368a0 (webtiles) character file.

273520 Goblin1989 the Impaler (level 19, -2/161 HPs)
             Began as a Demonspawn Assassin on Apr 26, 2017.
             Was the Champion of Ashenzari.
             Killed from afar by Jory (47 damage)
             ... with a crystal spear
             ... on level 3 of the Depths on Apr 27, 2017.
             The game lasted 03:13:13 (58561 turns).

Goblin1989 the Impaler (Demonspawn Assassin)       Turns: 58561, Time: 03:13:13

Health: -2/161     AC: 21    Str: 23    XL:     19   Next: 89%
Magic:  0/23       EV: 25    Int: 14    God:    Ashenzari [******]
Gold:   4690       SH: 15    Dex: 22    Spells: 5 memorised, 13 levels left

rFire  . . .     SeeInvis +     u - +7 trident of the Asp {drain, rElec MR++ Dex+4} (curse)
rCold  + . .     Clarity  +     F - +0 chain mail {rPois} (curse)
rNeg   . . .     SustAt   .     q - +0 shield (curse)
rPois  +         Gourm    .     (helmet unavailable)
rElec  +         Spirit   +     p - +2 cloak {MR+} (curse)
rCorr  .         Warding  .     N - +2 pair of fencer's gloves {LBl+4 SBl+4 EV+3 Dex+6} (curse)
rMut   .         Stasis   .     Y - +0 pair of boots (curse)
MR     +++++                    t - amulet of guardian spirit (curse)
Stlth  ++++......               c - ring of protection from cold (curse)
                                m - ring of protection from magic

@: almost entirely resistant to hostile enchantments, stealthy
A: horns 3, repulsion field 2, camouflage 1, clever 1, clumsy 1, demonic
guardian 2, nightstalker 3, strong 1
a: Scrying, Transfer Knowledge, Renounce Religion
}: 1/15 runes: gossamer


You were on level 3 of the Depths.
You worshipped Ashenzari.
Ashenzari was exalted by your worship.
You were hungry.

You visited 7 branches of the dungeon, and saw 38 of its levels.
You also visited: Ice Cave, Volcano and Wizlab.

You collected 5175 gold pieces.
You spent 485 gold pieces at shops.

Inventory:

Hand Weapons
 u - the cursed +7 trident of the Asp (weapon) {drain, rElec MR++ Dex+4}
   (You found it on level 6 of the Dungeon)

   A truly terrible weapon, it drains the life of those it strikes.
   It affects your dexterity (+4).
   It insulates you from electricity.
   It affects your resistance to hostile enchantments.
   It has a curse placed upon it.
Missiles
 C - 3 javelins of penetration (quivered)
 Z - a throwing net {!d, =f}
Armour
 g - a +1 shield of protection
 p - a cursed +2 cloak of magic resistance (worn)
 q - a cursed +0 shield (worn)
 F - a cursed +0 chain mail of poison resistance (worn)
 K - the cursed +0 pair of boots of Supple Strength {MR- rCorr Str+3 Dex-4}
   (You found it on level 2 of the Depths)

   It affects your strength (+3).
   It affects your dexterity (-4).
   It affects your resistance to hostile enchantments.
   It protects you from acid and corrosion.
   It has a curse placed upon it.
 N - the cursed +2 pair of fencer's gloves (worn) {LBl+4 SBl+4 EV+3 Dex+6}
   (You found it on level 3 of the Elven Halls)

   It affects your evasion (+3).
   It affects your dexterity (+6).
   It has a curse placed upon it.
 Y - a cursed +0 pair of boots (worn)
Jewellery
 c - a cursed ring of protection from cold (right hand)
 j - an amulet of resist mutation
 k - a ring of positive energy
 m - a ring of protection from magic (left hand)
 t - a cursed amulet of guardian spirit (around neck)
 z - the ring of Nidedeki {Fire rElec MP+9 Str-2 Int-4}
   (You took it off a deep elf annihilator on level 3 of the Elven Halls)

   [ring of fire]

   It enhances your fire magic, and weakens your ice magic.
   It affects your strength (-2).
   It affects your intelligence (-4).
   It protects you from fire.
   It makes you vulnerable to cold.
   It insulates you from electricity.
   It affects your magic capacity (+9).
Wands
 a - a wand of digging (6)
 G - a wand of hasting (2) {@v2, !v}
 T - a wand of teleportation (5) {@v3, !v}
Scrolls
 b - 8 scrolls of enchant armour
 d - 4 scrolls of brand weapon
 i - 2 scrolls of curse armour
 n - 3 scrolls of fog
 s - a scroll of fear
 v - 10 scrolls of recharging {unknown}
 x - 5 scrolls of immolation
 y - 2 scrolls of curse jewellery
 B - 3 scrolls of blinking
 D - 6 scrolls of noise
 M - 6 scrolls of magic mapping
 P - 5 scrolls of enchant weapon
 Q - 8 scrolls of remove curse {@r2}
 R - 3 scrolls of identify {@r1}
 X - 12 scrolls of teleportation {tele, unknown}
Potions
 f - 2 potions of cure mutation {!q}
 h - 2 potions of cancellation
 l - 7 potions of flight
 r - a potion of berserk rage
 E - 6 potions of agility
 I - 2 potions of might
 L - 2 potions of resistance
 O - 13 potions of curing {@q1}
 U - 2 potions of haste {@q3, !q}
 V - a potion of haste {re}
Miscellaneous
 w - a legendary deck of defence {the Potion}
Comestibles
 e - 24 bread rations {@e1}
 o - 18 royal jellies
 A - 9 slices of pizza
 H - 20 meat rations {@e2}
 J - 10 fruits
 W - 7 beef jerkies


   Skills:
 + Level 17.3 Fighting
   Level 1.7(5.7) Short Blades
   Level 6.1 Maces & Flails
 + Level 19.1(22.7) Polearms
 - Level 1.7 Throwing
 - Level 7.4(13.1) Armour
 + Level 13.7 Dodging
 - Level 3.6 Stealth
 - Level 12.5(15.1) Shields
 - Level 3.1 Spellcasting
 * Level 4.7(7.6) Charms
 + Level 3.4(6.1) Necromancy
 + Level 2.2(4.6) Translocations


You had 13 spell levels left.
You knew the following spells:

 Your Spells              Type           Power        Failure   Level  Hunger
h - Shroud of Golubria    Chrm/Tloc      ###.......   14%         2    ##.....
o - Apportation           Tloc           ###.......   17%         1    #......
y - Song of Slaying       Chrm           ###.....     10%         2    ##.....
R - Regeneration          Chrm/Necr      ###.......   21%         3    ###....
W - Spectral Weapon       Hex/Chrm       ##......     69%         3    ###....


Dungeon Overview and Level Annotations

Branches:
Dungeon (15/15)            Temple (0/1) D:7            Lair (7/8) D:10
 Shoals (0/4) Lair:6       Spider (4/4) Lair:4          Orc (4/4) D:9
    Elf (3/3) Orc:4        Vaults (2/5) D:13         Depths (3/5) D:15
  Slime: Lair:6-8     Crypt: Vaults:2-3

Altars:
Ashenzari
Gozag
Makhleb
Vehumet
Beogh

Shops:
D:4 %   D:6 (   Orc:4 ([(   Elf:1 }   Elf:2 *   Depths:1 *

Portals:
Hell: Depths:1 Depths:2
Pandemonium: Depths:1

Annotations:
D:8 Alipheese's ghost, novice NaSk
Elf:2 5 runed doors
Depths:2 exclusion: 4 oklob plants
Depths:3 Jory


Innate Abilities, Weirdness & Mutations

You have a pair of large horns on your head.
You are surrounded by a moderate repulsion field (EV +3).
A demonic guardian rushes to your aid.
You are completely attuned to the shadows.
Your skin changes colour to match your surroundings (Stealth).
Your mind is acute. (Int +2)
You are clumsy. (Dex -2)
Your muscles are strong. (Str +2)


Message History

Your sixfirhy hits Jory but does no damage.
Your sixfirhy hits Jory.
Your sixfirhy shocks Jory!
Unknown command.
You impale Jory!! You headbutt Jory, but do no damage.
Jory is heavily damaged.
Your sixfirhy hits Jory but does no damage.
Jory hits you with a bardiche of venom!!
You block Jory's attack.
Your sixfirhy misses Jory.
You take 29 damage, and have 90/161 hp.
You now have 16/23 mp.
You puncture Jory! Your headbutt misses Jory.
Jory is heavily damaged.
Your sixfirhy completely misses Jory.
Unknown command.
Your chain mail prevents you from hitting Jory.
Your headbutt misses Jory.
Jory is heavily damaged.
The fire giant points at you and mumbles some strange words.
The bolt of fire hits you! You block Jory's attack. Jory completely misses you.
You take 14 damage, and have 77/161 hp.
You now have 14/23 mp.
You barely miss Jory.
Jory is heavily damaged.
A necromancer comes into view. It is wielding a dagger.
Unknown command.
You are feeling hungry.
You hit Jory. You headbutt Jory.
Jory is heavily damaged.
You hit Jory but do no damage.
Jory is heavily damaged.
Your sixfirhy hits Jory but does no damage.
Jory hits your sixfirhy with a bardiche of venom!!
Your sixfirhy is poisoned.
Jory bites your sixfirhy.
The necromancer moves out of view.
You block the fire giant's attack.
You catch the helpless Jory momentarily off-guard.
You hit Jory but do no damage.
Jory is heavily damaged.
Your sixfirhy closely misses Jory.
Your sixfirhy hits Jory but does no damage.
Your smoke demon barely misses Jory.
Your smoke demon closely misses Jory.
Your smoke demon closely misses Jory.
Your sixfirhy hits Jory but does no damage.
You closely miss Jory. Your headbutt misses Jory.
Jory is heavily damaged.
Your sixfirhy hits Jory.
Your sixfirhy shocks Jory!
Your sixfirhy hits Jory but does no damage.
You block Jory's attack. Jory bites you but does no damage.
Unknown command.
You impale Jory!!
Jory is severely damaged.
Your sixfirhy dies!
You block the fire giant's attack.
Your smoke demon hits Jory but does no damage. x3
Unknown command.
You strike the helpless Jory from a blind spot!
You hit Jory but do no damage. You headbutt Jory, but do no damage.
Jory is severely damaged.
Your smoke demon gestures at Jory.
The sticky flame hits Jory.
Jory is covered in liquid flames!
Unknown command.
You hit Jory but do no damage. You headbutt Jory.
Jory is severely damaged.
Jory drinks a potion.
Jory is healed!
The fire giant hits you with a great sword of flaming!
* * * LOW HITPOINT WARNING * * *
The fire giant burns you.
* * * LOW HITPOINT WARNING * * *
You take 9 damage, and have 69/161 hp.
You now have 13/23 mp.
You hit Jory.
Jory is severely damaged.
Jory burns!
Your smoke demon gestures at Jory.
The ball of steam hits Jory.
Jory hits your smoke demon with a bardiche of venom!!!
Your smoke demon dies!
You strike the helpless Jory from a blind spot!
You hit Jory but do no damage. Your headbutt misses Jory.
Jory is severely damaged.
You are engulfed in a cloud of scalding steam.
Jory burns!
You block the fire giant's attack.
Unknown command.
You hit Jory but do no damage. You headbutt Jory!
Jory is almost destroyed.
You are engulfed in a cloud of scalding steam.
Unknown command.
You hit Jory but do no damage.
Jory is almost destroyed.
Jory burns!
You block Jory's attack. Jory bites you but does no damage.
The fire giant casts a spell at you. The bolt of fire hits you!
* * * LOW HITPOINT WARNING * * *
You take 26 damage, and have 44/161 hp.
You now have 8/23 mp.
You hit Jory but do no damage. You headbutt Jory, but do no damage.
Jory is almost destroyed.
Unknown command.
You hit Jory but do no damage. Your headbutt misses Jory.
Jory is almost destroyed.
Jory burns!
The fire giant completely misses you.
Jory points at you and mumbles some strange words.
The crystal spear hits you!
You die...

▓ ▓ · ···· ▓ · ···
▓▓ · >· ▓· · · ···
· · · · ▓· ▓·· ▓
▓·· · · ▓· · ▓∆····
· · · · · · · · ▓▓
▓· ▓▓·· · · · ··
·▓·· ........█.. ·
· ·· · ...........
·· ···· ▓
..........██ ·▓▓ ▓
· ··▓ · ·
...........██· ··
▓▓
···▓█..V@.......█.▓
▓
·····███C███.......
· ·····
····...··█..).... ·
··▓ ▓▓ ▓▓ █..p
·█.......▓ ▓· ·
·██..··█.......▓ ·
▓ ·· ··▓▓·
█..)....█ ▓ · · ▓
·█.......█ ▓ ▓ ···
▓ ▓ ··· ▓ ██......█
▓ ▓···· ·· ▓ · ··▓
██.....█ ·


You could see Jory (burning), a fire giant and a necromancer.

Vanquished Creatures
  Saint Roka (Vaults:1)
  A golden dragon (Depths:1)
  2 deep elf blademasters (Elf:3)
  A deep elf master archer (Elf:3)
  Agnes (Spider:4)
  Frances (Spider:2)
  Roxanne (D:14)
  Wiglaf (Depths:3)
  Donald (Orc:3)
  2 vault wardens (Vaults:1)
  3 frost giants
  4 deep elf sorcerers (Elf:3)
  6 emperor scorpions
  An ironheart preserver (Vaults:1)
  3 ghost moths (Spider:4)
  A very ugly thing (Depths:1)
  6 stone giants
  Nessos (Lair:6)
  2 vampire knights
  10 deep elf annihilators
  9 purple draconians (WizLab)
  4 deep elf demonologists (Elf:3)
  A merfolk javelineer (Depths:2)
  5 vault guards
  2 deep elf death magi (Elf:3)
  5 deep elf high priests
  2 ettins
  A great orb of eyes (Depths:1)
  2 jiangshi (Depths:3)
  2 rakshasas
  5 hydras
  A fire dragon (Depths:2)
  3 yaktaur captains (Vaults:1)
  4 entropy weavers
  An ice dragon (shapeshifter) (Elf:3)
  Harold (Orc:3)
  An ice dragon (Depths:1)
  A ghost crab (shapeshifter) (Vaults:1)
  9 statues (WizLab)
  A spriggan air mage (Depths:2)
  A queen ant (Lair:6)
  3 dancing weapons (Elf:2)
  6 centaur warriors
  2 deep troll shamans
  11 ogre magi
  4 death yaks (Lair:7)
  11 deep elf knights
  5 tengu warriors
  A vampire mage (Depths:3)
  A small abomination (Elf:1)
  2 iron trolls
  An ice devil (IceCv)
  11 skeletal warriors
  A phantasmal warrior (D:15)
  14 deep trolls
  7 hill giants
  7 deep elf summoners
  6 orb spiders
  4 lindwurms (Lair:5)
  5 ironbrand convokers (Vaults:1)
  3 orc knights
  27 wolf spiders
  A wizard (Depths:2)
  A sphinx zombie (D:15)
  13 deep elf conjurers
  5 griffons
  A stone giant zombie (D:15)
  2 hornets (Spider:2)
  2 cyclopes
  2 necromancers
  5 orc sorcerers
  32 ugly things
  3 toenail golems (Volcano)
  A centaur zombie (D:14)
  6 manticores
  Maurice (Orc:1)
  3 moths of wrath
  4 black mambas
  3 vault sentinels (Vaults:1)
  4 elephants (Lair:7)
  2 ice statues (IceCv)
  3 gargoyles
  2 torpor snails
  2 efreet
  11 spiny frogs
  2 kobold demonologists
  5 komodo dragons
  8 yaktaurs
  A yaktaur (shapeshifter) (D:13)
  30 jumping spiders
  7 demonic crawlers
  6 blue devils (IceCv)
  2 queen bees
  12 deep elf priests
  A tengu conjurer (Depths:1)
  18 two-headed ogres
  7 slime creatures
  2 trolls
  18 blink frogs
  A wind drake (shapeshifter) (Depths:2)
  3 boulder beetles
  An ettin zombie (D:15)
  21 trapdoor spiders
  2 air elementals (Depths:2)
  36 redbacks
  A spriggan (D:8)
  5 water elementals (Depths:2)
  A shadow (D:13)
  14 deep elf fighters
  35 deep elf magi
  7 wraiths
  A vampire (D:15)
  33 tarantellas
  7 wyverns
  26 yaks
  A steam dragon (D:14)
  A hungry ghost (D:12)
  5 humans (Volcano)
  6 wargs
  A naga (Depths:1)
  2 basilisks
  17 hippogriffs
  A mottled dragon (D:12)
  6 vampire mosquitoes
  Edmund (D:6)
  6 wolves
  5 soldier ants (Lair:6)
  17 water moccasins
  2 necrophages
  16 spiders
  A black bear (D:10)
  50 ogres
  3 sky beasts
  6 ice beasts
  14 porcupines
  A wasp (Spider:2)
  45 orc warriors
  3 eyes of draining
  29 centaurs
  4 phantoms
  10 crocodiles
  2 big kobolds
  A wyvern zombie (D:13)
  A brain worm (D:12)
  A gnoll sergeant (D:11)
  17 giant frogs
  44 killer bees
  A water moccasin zombie (D:9)
  42 scorpions
  10 electric eels
  A vampire bat (Orc:1)
  10 crimson imps
  2 draconian simulacra (IceCv)
  7 jellies
  32 orc priests
  4 giant frog skeletons
  Crazy Yiuf (D:2)
  8 hounds
  35 orc wizards
  5 centaur skeletons
  40 worker ants
  9 iguanas
  20 sheep
  A troll simulacrum (IceCv)
  3 spriggan simulacra (IceCv)
  3 centaur simulacra
  A killer bee zombie (D:9)
  A hound skeleton (D:6)
  A naga simulacrum (IceCv)
  An ogre simulacrum (IceCv)
  8 gnolls
  15 adders
  45 river rats
  An adder skeleton (D:8)
  An adder zombie (D:6)
  2 worms
  6 giant geckos
  216 orcs
  18 bats
  9 goblins
  12 hobgoblins
  2 jackals (D:7)
  22 kobolds
  2 quokkas
  8 giant cockroaches
  5 giant newts
  A jackal zombie (D:7)
  A quokka skeleton (D:8)
  11 rats
1606 creatures vanquished.

Vanquished Creatures (collateral kills)
  2 deep elf blademasters (Elf:3)
  A deep elf master archer (Elf:3)
  The ghost of Alipheese the Fighter, an adept NaTm of Cheibriados (Elf:3)
  An octopode crusher (Depths:2)
  2 ironheart preservers (Vaults:1)
  2 very ugly things
  A deep elf demonologist (Elf:3)
  A deep elf death mage (Elf:3)
  Erolcha (D:10)
  Josephine (Orc:3)
  Fannar (D:11)
  A hydra (Lair:2)
  A death yak (Lair:7)
  2 centaur warriors
  A deep troll earth mage (Depths:2)
  2 deep elf knights
  5 skeletal warriors (Vaults:1)
  An ice devil (IceCv)
  An ironbrand convoker (Vaults:1)
  Pikel (D:5)
  3 hill giants
  3 deep elf summoners
  2 orc knights
  2 orb spiders (Spider:1)
  2 wolf spiders
  10 ugly things
  An orc sorcerer (Orc:2)
  A black mamba (Lair:2)
  An ice statue (IceCv)
  Psyche (D:10)
  An elephant (Lair:7)
  A yaktaur zombie (D:15)
  A gargoyle (D:15)
  2 yaktaurs (Vaults:1)
  2 deep elf priests (Elf:1)
  A tengu conjurer (D:14)
  6 trolls
  A jumping spider (Spider:1)
  4 two-headed ogres (Vaults:1)
  A queen bee (shapeshifter) (Elf:3)
  A blink frog (Lair:5)
  2 tarantellas (Spider:1)
  A redback (Spider:1)
  A deep elf mage (Elf:2)
  Eustachio (D:4)
  4 yaks
  A deep elf fighter (Elf:1)
  A hippogriff (D:10)
  A human (Volcano)
  9 orc warriors
  2 ogres (Vaults:1)
  3 centaurs
  A giant frog (Lair:2)
  A crimson imp (D:10)
  A giant frog skeleton (D:11)
  An orc priest (Orc:1)
  2 hounds (D:10)
  An orc wizard (D:12)
  A gnoll (D:11)
  6 orcs
  A jackal (D:10)
  A kobold (D:10)
  A quokka (D:9)
  A giant gecko skeleton (D:4)
  A quokka skeleton (D:4)
121 creatures vanquished.

Vanquished Creatures (others)
  A deep elf high priest (Elf:3)
  A slave (D:6)
  An adder (D:6)
  2 gnolls (D:6)
  An orc (D:6)
  A giant newt (D:6)
  4 fungi
  3 plants (D:15)
14 creatures vanquished.

Grand Total: 1741 creatures vanquished

Notes
Turn   | Place    | Note
--------------------------------------------------------------
     0 | D:1      | Goblin1989 the Demonspawn Assassin began the quest for the Orb.
     0 | D:1      | Reached XP level 1. HP: 16/16 MP: 1/1
   179 | D:1      | Gained mutation: You are slightly more attuned to the shadows. [demonic ancestry]
   179 | D:1      | Reached XP level 2. HP: 14/23 MP: 2/2
   856 | D:1      | Gained mutation: You are surrounded by a mild repulsion field (EV +2). [demonic ancestry]
   856 | D:1      | Reached XP level 3. HP: 26/29 MP: 3/3
  1515 | D:2      | Reached skill level 4 in Fighting
  1872 | D:2      | Noticed Crazy Yiuf
  1885 | D:2      | Killed Crazy Yiuf
  1885 | D:2      | Gained mutation: A weak demonic guardian rushes to your aid. [demonic ancestry]
  1885 | D:2      | Reached XP level 4. HP: 36/38 MP: 4/4
  2674 | D:3      | Reached skill level 5 in Fighting
  2941 | D:4      | Noticed Eustachio
  2996 | D:4      | Noticed an ogre
  3004 | D:4      | Killed Eustachio
  3004 | D:4      | Reached XP level 5. HP: 41/46 MP: 5/5
  3019 | D:4      | Killed an ogre
  3019 | D:4      | Reached skill level 6 in Fighting
  3019 | D:4      | Gained mutation: You are significantly more attuned to the shadows. [demonic ancestry]
  3019 | D:4      | Reached XP level 6. HP: 22/53 MP: 6/6
  3218 | D:4      | Found Wubros's Food Shoppe.
  3749 | D:4      | Reached skill level 7 in Fighting
  3981 | D:4      | Noticed a two-headed ogre
  3996 | D:4      | Killed a two-headed ogre
  3996 | D:4      | Reached skill level 8 in Fighting
  3996 | D:4      | Gained mutation: A demonic guardian rushes to your aid. [demonic ancestry]
  3996 | D:4      | Reached XP level 7. HP: 60/62 MP: 7/7
  4624 | D:5      | Entered Level 5 of the Dungeon
  5132 | D:5      | Reached skill level 9 in Fighting
  5205 | D:5      | Reached skill level 1 in Dodging
  5386 | D:5      | Gained mutation: You have a pair of small horns on your head. [demonic ancestry]
  5386 | D:5      | Reached XP level 8. HP: 71/71 MP: 8/8
  5524 | D:5      | Reached skill level 1 in Maces & Flails
  5642 | D:6      | Noticed Pikel
  5667 | D:5      | Killed Pikel
  5794 | D:6      | Got a bloodstained trident
  5795 | D:6      | Identified the +7 trident of the Asp {drain, rElec MR++ Dex+4} (You found it on level 6 of the Dungeon)
  5955 | D:6      | Found a burning altar of Makhleb.
  5975 | D:6      | Reached skill level 5 in Maces & Flails
  6423 | D:6      | Noticed Edmund
  6430 | D:6      | Killed Edmund
  6675 | D:6      | Found a shattered altar of Ashenzari.
  6681 | D:6      | Became a worshipper of Ashenzari the Shackled
  6767 | D:6      | Reached skill level 1 in Polearms
  6827 | D:6      | Found Xalad's Weapon Shop.
  6952 | D:7      | Found a staircase to the Ecumenical Temple.
  6990 | D:7      | Reached XP level 9. HP: 74/74 MP: 9/9
  7432 | D:7      | Got the scale mail of Decompression {rElec rPois rF- Int+6}
  7610 | D:7      | Reached skill level 5 in Polearms
  8032 | D:8      | Noticed Alipheese's ghost (novice NaSk)
  8211 | D:8      | Identified the +2 scale mail of Decompression {rElec rPois rF- Int+6} (You found it on level 7 of the Dungeon)
  8710 | D:8      | Reached * piety under Ashenzari
  8983 | D:9      | Reached XP level 10. HP: 81/81 MP: 10/10
  9652 | D:9      | Found a roughly hewn altar of Beogh.
  9796 | D:9      | Reached skill level 1 in Armour
 10003 | D:9      | Found a staircase to the Orcish Mines.
 10360 | D:10     | Entered Level 10 of the Dungeon
 10859 | D:10     | Noticed Erolcha
 10892 | D:10     | Reached skill level 10 in Fighting
 10991 | D:10     | Found a staircase to the Lair.
 11013 | D:10     | Reached skill level 10 in Polearms
 11028 | D:10     | Noticed Psyche
 11033 | D:10     | Killed Psyche
 11257 | D:10     | Killed Erolcha
 11257 | D:10     | Gained mutation: You are completely attuned to the shadows. [demonic ancestry]
 11257 | D:10     | Reached XP level 11. HP: 84/88 MP: 11/11
 11268 | D:10     | Found an opulent altar of Gozag.
 11635 | D:11     | Noticed Fannar
 11847 | D:11     | Noticed a hill giant
 11854 | D:11     | Killed a hill giant
 12347 | D:11     | Killed Fannar
 12626 | D:12     | Reached ** piety under Ashenzari
 13272 | D:12     | Reached skill level 11 in Polearms
 13682 | D:12     | Reached skill level 5 in Armour
 13785 | D:12     | Noticed a centaur warrior
 13798 | D:12     | Reached skill level 1 in Shields
 13801 | D:12     | Killed a centaur warrior
 14454 | D:12     | Reached XP level 12. HP: 98/98 MP: 12/12
 14546 | Orc:1    | Entered Level 1 of the Orcish Mines
 14923 | Orc:2    | Found a frozen archway.
 14929 | IceCv    | Entered an ice cave
 15276 | IceCv    | Reached skill level 12 in Polearms
 17634 | Orc:1    | Noticed Maurice
 17647 | Orc:1    | Killed Maurice
 17693 | Orc:1    | Reached *** piety under Ashenzari
 17754 | Orc:3    | Noticed Harold
 17762 | Orc:3    | Killed Harold
 18211 | Orc:3    | Noticed Josephine
 18214 | Orc:3    | Killed Josephine
 18617 | Orc:3    | Noticed Donald
 18632 | Orc:3    | Killed Donald
 18632 | Orc:3    | Reached skill level 13 in Polearms
 18829 | Orc:4    | Entered Level 4 of the Orcish Mines
 19005 | Orc:4    | Reached XP level 13. HP: 96/105 MP: 13/13
 19101 | Orc:4    | Found a staircase to the Elven Halls.
 20297 | Orc:4    | Found Arho's Antique Armour Shop.
 20297 | Orc:4    | Found Luemn's Antique Weapon Emporium.
 20297 | Orc:4    | Found Aplirghai's Assorted Antiques.
 20298 | Orc:4    | Found Kumam's Antique Weapon Boutique.
 20312 | Orc:4    | Bought a crude chain mail for 313 gold pieces
 20312 | Orc:4    | Identified the +1 chain mail of the Moon {MR+ Dex+3} (You bought it in a shop on level 4 of the Orcish Mines)
 20313 | Orc:4    | Bought a pair of runed boots for 148 gold pieces
 20495 | Lair:1   | Entered Level 1 of the Lair of Beasts
 20820 | Lair:1   | Reached **** piety under Ashenzari
 21380 | Lair:2   | Found a dark tunnel.
 21386 | Volcano  | Entered a volcano
 21433 | Volcano  | Reached skill level 5 in Shields
 22683 | Lair:2   | Reached ***** piety under Ashenzari
 23388 | Lair:3   | Reached skill level 14 in Polearms
 24733 | Lair:4   | Found a hole to the Spider Nest.
 24807 | Lair:4   | Reached skill level 5 in Dodging
 25450 | Lair:4   | Gained mutation: You are surrounded by a moderate repulsion field (EV +3). [demonic ancestry]
 25450 | Lair:4   | Reached XP level 14. HP: 114/114 MP: 14/14
 26865 | Lair:5   | Identified the +1 ring mail of the Ditch-Digger {rN+ Int+4 Dex+2}
 26865 | Lair:5   | Identified the +7 war axe of Hefeutah {holy, +Inv rPois rF+ MR-}
 27302 | Lair:6   | Reached ****** piety under Ashenzari
 27355 | Lair:6   | Found a staircase to the Shoals.
 27648 | Lair:6   | Noticed Nessos
 27661 | Lair:6   | Killed Nessos
 28784 | Lair:7   | Identified the cursed +1 mace "Qichemmo" {crush, Int+2 Dex+2}
 29147 | Lair:7   | Reached skill level 15 in Polearms
 31029 | D:13     | Gained mutation: You have a pair of horns on your head. [demonic ancestry]
 31029 | D:13     | Reached XP level 15. HP: 77/122 MP: 11/15
 31223 | D:13     | Found a gate to the Vaults.
 32018 | D:14     | Noticed Roxanne
 33454 | D:14     | Killed Roxanne
 33456 | D:14     | Identified Roxanne's Catalogue of Transmutation (You took it off Roxanne on level 14 of the Dungeon)
 34283 | D:15     | Entered Level 15 of the Dungeon
 34553 | D:15     | Reached skill level 16 in Polearms
 35142 | D:15     | Found a staircase to the Depths.
 36115 | Spider:1 | Entered Level 1 of the Spider Nest
 36418 | Spider:1 | HP: 6/126 [wolf spider (2)]
 37699 | Spider:1 | Reached XP level 16. HP: 134/134 MP: 16/16
 38596 | Spider:2 | Noticed Frances
 38610 | Spider:2 | Killed Frances
 39618 | Spider:3 | Identified the Incunabulum of Excruciating Heat
 39929 | Spider:3 | Identified the +5 mace "Uhoerr" {flame, Int+3}
 40112 | Spider:4 | Entered Level 4 of the Spider Nest
 40248 | Spider:4 | Noticed Agnes
 40259 | Spider:4 | Killed Agnes
 40259 | Spider:4 | Reached skill level 17 in Polearms
 40555 | Spider:4 | Reached skill level 10 in Shields
 40618 | Spider:4 | Identified the +4 spear of the Lives {freeze, Dex+5}
 40830 | Spider:4 | Gained mutation: Your mind is acute. (Int +2) [potion of beneficial mutation]
 41912 | Spider:4 | Reached skill level 15 in Fighting
 43005 | Spider:4 | Got a gossamer rune of Zot
 43425 | Vaults:1 | Entered Level 1 of the Vaults
 43526 | Vaults:1 | Gained mutation: You have a pair of large horns on your head. [demonic ancestry]
 43526 | Vaults:1 | Reached XP level 17. HP: 136/142 MP: 15/17
 43600 | Vaults:1 | Gained mutation: You are clumsy. (Dex -2) [potion of mutation]
 43600 | Vaults:1 | Gained mutation: Your muscles are strong. (Str +2) [potion of mutation]
 43600 | Vaults:1 | Gained mutation: Your skin changes colour to match your surroundings (Stealth). [potion of mutation]
 43610 | Vaults:1 | Noticed Saint Roka
 43634 | Vaults:1 | Killed Saint Roka
 44784 | Vaults:1 | Reached skill level 10 in Dodging
 45795 | Vaults:1 | Reached skill level 18 in Polearms
 47598 | Elf:1    | Entered Level 1 of the Elven Halls
 47640 | Elf:1    | Found Umideph's Gadget Shoppe.
 48446 | Elf:1    | Reached XP level 18. HP: 116/151 MP: 13/18
 49183 | Elf:2    | Found a radiant altar of Vehumet.
 49349 | Elf:2    | Found Beiroc's General Store.
 49363 | Elf:2    | Bought a scroll of identify for 24 gold pieces
 50295 | Elf:2    | Found a huge runed gate.
 50295 | Elf:2    | Found a huge runed gate.
 50295 | Elf:2    | Found a huge runed gate.
 50295 | Elf:2    | Found a huge runed gate.
 50295 | Elf:2    | Found a huge runed gate.
 50332 | Elf:3    | Entered Level 3 of the Elven Halls
 50440 | Elf:3    | Found a magical portal.
 50447 | WizLab   | Entered Iskenderun's Mystic Tower
 52114 | WizLab   | Identified Iskenderun's Papyrus of Floating Confrontation
 52114 | WizLab   | Identified Iskenderun's Volume of Igneous Confrontation
 52136 | WizLab   | Identified the Almanac of Confrontation
 52367 | Elf:3    | Noticed Alipheese's ghost (adept NaTm)
 52374 | Elf:3    | Killed Alipheese's ghost
 54263 | Elf:3    | Identified the cursed +1 leather armour of the Lobster {MP+9 Int+5 Stlth-} (You took it off a deep elf master archer on level 3 of the Elven Halls)
 54268 | Elf:3    | Reached XP level 19. HP: 92/159 MP: 13/19
 54411 | Elf:3    | Identified the ring of Nidedeki {Fire rElec MP+9 Str-2 Int-4} (You took it off a deep elf annihilator on level 3 of the Elven Halls)
 54575 | Elf:3    | Identified the +3 halberd of Sedefab {elec, rC++} (You took it off a deep elf demonologist on level 3 of the Elven Halls)
 54660 | Elf:3    | Identified the +4 ring mail of Baldness {rPois rN+}
 54673 | Elf:3    | Identified the +6 blowgun "Demonslayer" {evade, *Confuse rPois rN+ Int+3}
 54710 | Elf:3    | Learned a level 2 spell: Song of Slaying
 54714 | Elf:3    | Learned a level 3 spell: Regeneration
 54718 | Elf:3    | Learned a level 3 spell: Spectral Weapon
 54721 | Elf:3    | Learned a level 2 spell: Shroud of Golubria
 54749 | Elf:3    | Learned a level 1 spell: Apportation
 54766 | Elf:3    | Identified the cursed +1 scale mail "Erratod" {rElec rF- rC+ Str+3}
 54921 | Elf:3    | Identified a scroll of acquirement
 55340 | Depths:1 | Entered Level 1 of the Depths
 55481 | Depths:1 | Noticed a golden dragon
 55501 | Depths:1 | Killed a golden dragon
 55958 | Depths:1 | Found Ekhlaj's Serpentskin Sales.
 56003 | Depths:1 | Reached skill level 1 in Charms
 56024 | Depths:1 | Reached skill level 1 in Spellcasting
 56163 | Depths:1 | Reached skill level 19 in Polearms
 56416 | Depths:1 | Reached skill level 1 in Necromancy
 56682 | Depths:1 | Found a gateway to Hell.
 56724 | Depths:1 | Found a one-way gate leading to the halls of Pandemonium.
 56910 | Depths:2 | Reached skill level 1 in Translocations
 57580 | Depths:2 | Identified the cursed +0 pair of boots of Supple Strength {MR- rCorr Str+3 Dex-4}
 58477 | Depths:3 | Noticed Wiglaf
 58493 | Depths:3 | Killed Wiglaf
 58537 | Depths:3 | Noticed Jory
 58561 | Depths:3 | Killed from afar by Jory

Action                   |  1- 3 |  4- 6 |  7- 9 | 10-12 | 13-15 | 16-18 | 19-21 || total
-------------------------+-------+-------+-------+-------+-------+-------+-------++-------
Melee: Dagger            |   132 |    57 |   182 |       |       |       |       ||   371
       Whip              |       |    66 |     9 |       |       |       |       ||    75
       Trident           |       |       |   228 |  1071 |  2124 |  2192 |   678 ||  6293
 Fire: Blowgun           |    10 |    31 |    21 |       |       |       |       ||    62
Invok: Scrying           |       |       |       |     1 |       |     2 |       ||     3
Evoke: Wand              |       |       |     1 |     5 |    17 |    10 |       ||    33
  Use: Scroll            |       |     3 |     1 |    20 |     6 |    11 |     5 ||    46
       Potion            |       |       |       |     1 |     4 |     5 |     2 ||    12
 Stab: Sleeping          |    13 |     8 |    35 |    32 |    69 |    34 |    10 ||   201
       Distracted        |     1 |     2 |       |     7 |    19 |    18 |    11 ||    58
       Invisible         |       |       |       |     2 |       |       |       ||     2
  Eat: Chunk             |     1 |     8 |    16 |    30 |    52 |    41 |    14 ||   162
       Fruit             |     1 |       |       |     4 |     9 |    10 |       ||    24
       Bread ration      |       |       |       |       |       |     1 |       ||     1

Vault maps used:
D:1:      mrwooster_arrival_statue_2, serial_curves, eino_curves_02,
          eino_curves_01, hangedman_abyss_or_decor_lesser_grid
D:2:      first_bread, uniq_crazy_yiuf_cottage
D:4:      serial_shops, shop, uniq_eustachio
D:6:      makhleb_blood_cavern_becter, serial_shops, shop,
          cheibrodos_ashenzari_chains, uniq_edmund, uniq_pikel
D:7:      old_forge, minmay_temple_entry_glassed_door
D:8:      the_bakery, kennysheep_nub
D:9:      david_orc_5
D:10:     erik_lair_island, grunt_gozag_breadcrumbs, uniq_erolcha, uniq_psyche
D:11:     uniq_fannar
D:12:     four-leaf_vault, nicolae_wwwww
D:13:     lightli_vaults_fourway_checkpoint, special_room, st_stairs_14,
          nooodl_food_tri
D:14:     serial_park_gazebo, uniq_roxanne
D:15:     gammafunk_depths_entry_grave, minmay_crystal_water
Lair:2:   enter_volcano_2, serial_bayou_shore_b, lemuel_fruit_tree
Lair:3:   statuecave_lemuel
Lair:4:   spider_nest_entry_web_field
Lair:5:   wad_woods_minihive, minmay_lindwurm_lava
Lair:6:   minmay_shoals_entry_beasts, zaba_antful_of_joy, uniq_nessos
Lair:7:   grunt_forest_small_clearings
Spider:1: spiders_nest_a
Spider:2: uniq_frances
Spider:4: grunt_spider_rune_circles, hangedman_spider_tarantella_strand,
          uniq_agnes
Orc:1:    roderic_batcave, uniq_maurice
Orc:2:    portal_ice_cave_entry_pillars_01, lightli_orcish_oven
Orc:3:    nicolae_orc_pool_cavern, uniq_donald, uniq_josephine, uniq_harold
Orc:4:    st_orc_rangers
Elf:1:    serial_shops, shop, kennysheep_underground_church
Elf:2:    serial_shops, shop_fountains, basic_altar, uniq_azrael
Elf:3:    minmay_elf_hall_circle, mu_enter_wizlab_7, minivault_24
Vaults:1: hangedman_vaults_nodes, vaults_mumra_lcd, v_misc_23,
          nicolae_vaults_yaktaur_gun_rack, v_misc_25, grunt_vaults_bifocal,
          serial_ice_m, hangedman_vaults_river_flow, nicolae_vaults_little_ls,
          hangedman_vaults_stitches, v_misc_8, hangedman_vaults_maws,
          nicolae_vaults_mini_display_case, v_misc_22, uniq_saint_roka
Vaults:2: hangedman_vaults_pinch, nicolae_vaults_twisting_passages,
          minmay_crypt_entry_necro_gods, v_misc_30, v_misc_18,
          ontoclasm_vaults_fault, nicolae_vaults_ring_of_whatevers,
          ontoclasm_vaults_spin, hangedman_vaults_hat
Depths:1: grunt_pan_entry_in_and_out, serial_sigils,
          serial_sigils_hangedman_gnaw, serial_sigils_hangedman_gut,
          serial_sigils_hangedman_stare, serial_sigils_hangedman_etch,
          hangedman_geh_valley, hangedman_decor_slide_cut, guppyfry_shop_venom,
          firewood_loft
Depths:2: dpeg_oklob_gauntlet, hell_entry, infiniplex_staircase_zigzag_3
Depths:3: minmay_concentric_multi, grunt_pan_entry_zigzag, hell_entry,
          minmay_misc_feat_chi, serial_shops, shop, uniq_jory, uniq_enchantress,
          uniq_wiglaf
IceCv:    ice_cave_tombish
Volcano:  volcano_bunker
WizLab:   wizlab_iskenderun
